 Dungeon Crawl Stone Soup version 0.22-a0-15-g4f60a598d5 (webtiles) character file.

88 Kaname the Magician (level 4, -1/30 HPs)
             Began as a Demonspawn Wizard on Jan 2, 2018.
             Slain by Crazy Yiuf
             ... wielding a +4 quarterstaff of chaos
              (5 damage)
             ... on level 2 of the Dungeon.
             The game lasted 00:06:05 (2018 turns).

Kaname the Magician (Demonspawn Wizard)             Turns: 2018, Time: 00:06:05

Health: -1/30      AC:  4    Str:  7    XL:     4   Next: 30%
Magic:  1/8        EV: 11    Int: 21    God:
Gold:   66         SH:  0    Dex: 11    Spells: 3/9 levels left

rFire    . . .     SeeInvis +   g - +0 spear
rCold    . . .     Gourm    .   (no shield)
rNeg     . . .     Faith    .   p - +0 troll leather armour
rPois    .         Spirit   .   b - +0 hat
rElec    .         Reflect  .   (no cloak)
rCorr    .         Harm     .   (no gloves)
MR       .....                  (no boots)
Stlth    ++........             (no amulet)
HPRegen  0.50/turn              l - ring of see invisible
MPRegen  0.11/turn              (no ring)

@: lethally poisoned (-1 -> -2)
A: nightstalker 1
a: no special abilities


You were on level 2 of the Dungeon.
You were very hungry.

You visited 1 branch of the dungeon, and saw 2 of its levels.

You collected 66 gold pieces.

Inventory:

Hand Weapons
 g - a +0 spear (weapon)
Missiles
 k - 3 silver javelins (quivered)
Armour
 b - a +0 hat (worn)
 p - a +0 troll leather armour (worn)
Jewellery
 l - a ring of see invisible (left hand)
Scrolls
 a - a scroll of teleportation {unknown}
 e - a scroll of immolation {unknown}
 h - 3 scrolls of magic mapping {unknown}
 i - a scroll of noise {unknown}
 j - a scroll of identify {unknown}
 o - a scroll of amnesia {unknown}
Potions
 f - a potion of heal wounds {unknown}
 m - a potion of brilliance {unknown}
 n - a potion of curing {unknown}
 r - a potion of invisibility {unknown}
 s - a potion of might {unknown}
Books
 c - a book of Minor Magic

   Spells                             Type                      Level
   a - Magic Dart                     Conjuration                  1
   b - Blink                          Translocation                2
   c - Call Imp                       Summoning                    2
   d - Slow                           Hexes                        2
   e - Conjure Flame                  Conjuration/Fire             3
   f - Mephitic Cloud                 Conjuration/Poison/Air       3
Comestibles
 d - 5 rations


   Skills:
 - Level 1.7 Dodging
 - Level 1.7 Stealth
 - Level 3.0 Spellcasting
 + Level 3.0 Conjurations
   Level 1.0 Summonings
 - Level 2.0 Translocations
 - Level 1.8 Poison Magic


You had 3 spell levels left.
You knew the following spells:

 Your Spells              Type           Power        Failure   Level  Hunger
a - Magic Dart            Conj           ###.         6%          1    None
b - Blink                 Tloc           N/A          13%         2    ##.....
c - Mephitic Cloud        Conj/Pois/Air  #.......     30%         3    ###....


Dungeon Overview and Level Annotations

Branches:
Dungeon (2/15)

Altars:

Annotations:
D:2 Crazy Yiuf


Innate Abilities, Weirdness & Mutations

You are slightly more attuned to the shadows.


Message History

You feel sick.
You feel sick.
You feel sick.
You feel sick.
You feel sick.
You feel sick.
You feel sick.
You feel sick.
You feel sick.
You feel sick.
Casting: Magic Dart
Confirm with . or Enter, or press ? or * to list all spells.
Aiming: Magic Dart
Press: ? - help, Shift-Dir - straight line, f/p - Crazy Yiuf
Aim: Crazy Yiuf, wielding a quarterstaff of chaos and wearing a cloak (almost dead)
The magic dart hits Crazy Yiuf.
Crazy Yiuf is almost dead.
You feel sick.
Crazy Yiuf hits you with a quarterstaff of chaos.
You die...

# # #
##############
#
#..@g........#
#
#.##########.#
# #.# #.# ##
#.# #.######.
#.# #.....[.#
#.# ########.
#.# #####.##
## #[#
##.##.#.####
#.#
##....#....)(


You could see Crazy Yiuf.

Vanquished Creatures
  3 adders (D:2)
  An ooze (D:2)
  A worm (D:2)
  A dart slug (D:2)
  3 leopard geckos
  5 goblins
  5 hobgoblins (D:2)
  7 jackals (D:1)
  7 kobolds
  2 quokkas (D:2)
  2 ball pythons
  A bat (D:2)
  2 frilled lizards
  9 rats
49 creatures vanquished.

Notes
Turn   | Place    | Note
-------+----------+-------------------------------------------
     0 | D:1      | Kaname the Demonspawn Wizard began the quest for the Orb.
     0 | D:1      | Reached XP level 1. HP: 13/13 MP: 4/4
   317 | D:1      | Gained mutation: You are slightly more attuned to the shadows. [demonic ancestry]
   317 | D:1      | Reached XP level 2. HP: 17/19 MP: 3/6
   773 | D:1      | Learned a level 2 spell: Blink
  1129 | D:2      | Reached skill level 1 in Translocations
  1129 | D:2      | Reached XP level 3. HP: 14/24 MP: 0/7
  1158 | D:2      | Learned a level 3 spell: Mephitic Cloud
  1335 | D:2      | Reached skill level 1 in Poison Magic
  1365 | D:2      | Reached XP level 4. HP: 25/30 MP: 6/8
  1620 | D:2      | Found a runed door.
  1846 | D:2      | Noticed Crazy Yiuf
  2018 | D:2      | Slain by Crazy Yiuf

Vault maps used:
D:1:      dpeg_arrival_short_road
D:2:      first_ration, minmay_misc_feat_chi, uniq_crazy_yiuf_cottage

Skill      XL: |  1  2  3 |
---------------+----------+-----
Conjurations   | 2 3 |  3.0
Translocations | 1 2 |  2.0
Poison Magic   | 1 |  1.8
Dodging        | |  1.7
Stealth        | |  1.7
Spellcasting   | |  3.0
Summonings     | |  1.0

Action                   |  1- 3 |  4- 6 || total
-------------------------+-------+-------++-------
Melee: Unarmed           |    12 |       ||    12
       Spear             |   107 |    41 ||   148
 Cast: Magic Dart        |    51 |    17 ||    68
       Mephitic Cloud    |       |     1 ||     1
 Stab: Sleeping          |     4 |     4 ||     8
       Distracted        |     1 |       ||     1
       Confused          |       |     1 ||     1
  Eat: Chunk             |     1 |     2 ||     3
Armor: Robe              |     9 |       ||     9
       Troll leather arm |    19 |     7 ||    26
Dodge: Dodged            |    77 |    16 ||    93

Table legend:
 A = Spawn XP
 B = Non-spawn XP
 C = Spawn XP percentage of total XP
 D = Spawn monster count
 E = Non-spawn monster count
 F = Spawn count percentage of total count
 G = Total turns spent on level
                    A         B        C        D         E        F      G
               +---------+---------+-------+---------+---------+-------+---------
         Total |       0 |     127 |   0.0 |       0 |      49 |   0.0 |  2018
               +---------+---------+-------+---------+---------+-------+---------
           D:1 |       0 |      29 |   0.0 |       0 |      17 |   0.0 |   947
           D:2 |       0 |      98 |   0.0 |       0 |      32 |   0.0 |  1071
               +---------+---------+-------+---------+---------+-------+---------
